 Dungeon Crawl Stone Soup version 0.30-a0-1103-g25895a7845 (webtiles) character file.

Game seed: 9247083416251994964

4600 porpoise the Ducker (level 10, -6/76 HPs)
             Began as a Gnoll Hexslinger on Apr 19, 2023.
             Was a Priest of Fedhas.
             Mangled by a yak (17 damage)
             ... on level 8 of the Dungeon.
             The game lasted 00:48:19 (11219 turns).

porpoise the Ducker (Gnoll Hexslinger)             Turns: 11219, Time: 00:48:20

Health: -6/76      AC:  2    Str: 11    XL:     10   Next: 42%
Magic:  14/19      EV: 15    Int: 14    God:    Fedhas [***...]
Gold:   443        SH:  0    Dex: 14    Spells: 9/21 levels left

rFire   . . .      SeeInvis .    b - +1 dagger (venom)
rCold   . . .      Faith    .    (no shield)
rNeg    . . .      Spirit   .    c - +0 robe
rPois   .          Reflect  .    (no helmet)
rElec   .          Rampage  .    (no cloak)
rCorr   .                        (no gloves)
Will    .....                    (no boots)
Stlth   +++                      (no amulet)
HPRegen 0.32/turn                (no ring)
MPRegen 0.16/turn                (no ring)

@: confusing by touch
A: fangs 1, strong nose, distributed training
a: Renounce Religion, Wall of Briars, Grow Ballistomycete


You were on level 8 of the Dungeon.
You worshipped Fedhas.
Fedhas was most pleased with you.
You visited 2 branches of the dungeon, and saw 9 of its levels.
You also visited: Sewer and Ossuary.

You collected 443 gold pieces.

Inventory:

Hand Weapons
 a - a +2 sling of freezing
 b - a +1 dagger of venom (weapon)
 w - a -1 demon whip of venom
 J - a +2 antimagic sling
 K - a +3 short sword
Missiles
 q - 18 poisoned darts (quivered)
 s - 4 atropa-tipped darts
 D - 3 boomerangs
Armour
 c - a +0 robe (worn)
 j - a +2 ring mail of positive energy
Magical Staves
 v - a staff of poison
Jewellery
 h - a ring of protection from fire
 n - an amulet of faith
 x - a ring of fire
 C - a ring of willpower
Wands
 l - a wand of charming (8)
 y - a wand of flame (21)
 F - a wand of acid (10)
Scrolls
 d - 4 scrolls of fog
 f - 2 scrolls of immolation
 i - 2 scrolls of fear
 k - 2 scrolls of poison
 o - a scroll of identify
 E - a scroll of torment {unknown}
 H - a scroll of vulnerability
 L - a scroll of brand weapon
 M - a scroll of amnesia {unknown}
 N - a scroll of blinking
Potions
 e - 2 potions of brilliance
 g - 2 potions of flight
 m - 3 potions of curing
 p - 2 potions of magic
 r - 2 potions of cancellation
 t - a potion of haste
 u - 3 potions of might
 z - 5 potions of mutation
 A - a potion of resistance
 B - a potion of heal wounds
 G - a potion of lignification
 I - a potion of attraction {unknown}


   Skills:
 + Level 6.1 Fighting
 + Level 5.4 Short Blades
 + Level 5.4 Long Blades
 + Level 5.4 Axes
 + Level 5.4 Maces & Flails
 + Level 5.4 Polearms
 + Level 5.4 Staves
 + Level 7.2 Ranged Weapons
 + Level 5.4 Throwing
 + Level 5.4 Armour
 + Level 7.2 Dodging
 + Level 5.4 Stealth
 + Level 5.4 Shields
 + Level 5.4 Unarmed Combat
 + Level 6.2 Spellcasting
 + Level 4.5 Conjurations
 + Level 7.2 Hexes
 + Level 4.5 Summonings
 + Level 4.5 Necromancy
 + Level 4.5 Translocations
 + Level 4.5 Transmutations
 + Level 4.5 Fire Magic
 + Level 4.5 Ice Magic
 + Level 4.5 Air Magic
 + Level 4.5 Earth Magic
 + Level 4.5 Poison Magic
 + Level 6.0 Invocations
 + Level 5.4 Evocations


You had 9 spell levels left.
You knew the following spells:

 Your Spells              Type           Power      Damage    Failure   Level
a - Confusing Touch       Hex            24%        N/A       2%          3
k - Blink                 Tloc           34%        N/A       3%          2
p - Portal Projectile     Hex/Tloc       40%        N/A       4%          3
s - Slow                  Hex            96%        N/A       1%          1
v - Vhi's Electric Charg  Tloc/Air       34%        N/A       8%          3

Your spell library contained the following spells:

 Spells                   Type           Power      Damage    Failure   Level
 Kiss of Death            Conj/Necr      68%        2d10      2%          1
 Magic Dart               Conj           68%        1d6       2%          1
 Call Imp                 Summ           34%        N/A       3%          2
 Poisonous Vapours        Pois/Air       34%        N/A       3%          2
 Sublimation of Blood     Necr           17%        N/A       3%          2
 Inner Flame              Hex/Fire       20%        N/A       4%          3
 Frozen Ramparts          Ice            34%        1d6       8%          3
 Mephitic Cloud           Conj/Pois/Air  17%        N/A       8%          3
 Cause Fear               Hex            12%        N/A       8%          4
 Dispel Undead            Necr           17%        3d10      24%         4
 Flame Wave               Conj/Fire      17%        2d7       24%         4
 Ice Form                 Ice/Tmut       17%        N/A       24%         4
 Sticky Flame             Conj/Fire      17%        2d4       24%         4
 Summon Ice Beast         Ice/Summ       17%        N/A       24%         4
 Arcjolt                  Conj/Air       8%         1d18      56%         5
 Plasma Beam              Fire/Air       8%         2x1d21    98%         6
 Maxwell's Capacitive Co  Air            8%         ∞         100%        8


Dungeon Overview and Level Annotations

Branches:
Dungeon (8/15)             Temple (1/1) D:6           Sewer (visited)
Ossuary (visited)
   Lair: D:8-11

Altars:
Ashenzari
Cheibriados
Dithmenos
Elyvilon
Fedhas
Gozag
Hepliaklqana
Kikubaaqudgha
Makhleb
Nemelex Xobeh
Okawaru
Qazlal
Ru
Sif Muna
Trog
Uskayaw
Vehumet
Wu Jian
Yredelemnul
Zin
The Shining One

Shops:
D:2 [

Annotations:
D:2 Sigmund


Innate Abilities, Weirdness & Mutations

You have very sharp teeth.
Your uncanny sense of smell can sniff out nearby items.
Your experience applies equally to all skills.


Message History

You hit the yak but do no damage.
The yak appears confused.
The yak is lightly wounded.
The yak gores you!
You catch the helpless yak completely off-guard!
You impale the yak!!
The yak looks as sick as possible!
You punch the yak, but do no damage. You bite the yak, but do no damage.
The yak is severely wounded.
You hit the yak.
The yak looks as sick as possible!
You punch the yak, but do no damage.
The yak is almost dead.
You hit the yak.
The yak looks as sick as possible!
The yak is almost dead.
A yak comes into view.
The yak bellows!
You kill the yak!
Fedhas appreciates your contribution to the ecosystem.
A yak comes into view.
You hit the yak.
The yak is poisoned.
You bite the yak, but do no damage.
The yak is lightly wounded.
The yak closely misses you.
You hit the yak.
The yak looks as sick as possible!
The yak is lightly wounded.
You hit the yak but do no damage.
The yak looks as sick as possible!
You bite the yak.
The yak is lightly wounded.
The yak gores you.
You hit the yak but do no damage.
The yak looks as sick as possible!
The yak is moderately wounded.
The yak gores you! The yak misses you.
You hit the yak.
The yak is moderately wounded.
Casting: Confusing Touch (mildly dangerous; 2% risk of failure)
Confirm with . or Enter, or press ? or * to list all spells.
Your hands begin to glow red.
The yak gores you. x2
You hit the yak but do no damage. The yak gores you! x2
* * * LOW HITPOINT WARNING * * *
You hit the yak but do no damage. The yak closely misses you.
The yak gores you!
You die...
Fedhas appreciates your contribution to the ecosystem.

#..............#.>.
#..............#...
#..............#...
#.......##.....#... .
#.......##'#####... ..
#.......#......#... ...
#.......##.....#... #######...(
##########.....#... #.....#....Y
#.@............#...
#.....#......#YY............#...
#.....#......(..............#...
#.....#......#..............'...
#.....#.....)################...
#.....###### ..............##
#......# ..............#.
#......# ..............#.
#......# ..............#.


You could see 2 yaks.

Vanquished Creatures
  Joseph (D:8)
  A komodo dragon (D:7)
  A wyvern (D:7)
  A yak (D:8)
  3 orc warriors
  An ice beast (D:5)
  A black bear (D:6)
  2 sky beasts (D:7)
  An ogre (D:6)
  A phantom (D:5)
  2 kobold brigands
  5 bullfrogs
  2 elf zombies (D:5)
  2 scorpions
  4 killer bees (D:7)
  A howler monkey (D:6)
  3 jellies
  3 orc priests
  2 hounds (D:6)
  2 human zombies
  9 iguanas
  Terence (D:3)
  5 orc wizards
  Natasha (thrice) (D:2)
  4 mummies (Ossuary)
  13 adders
  8 river rats (Sewer)
  A shadow imp (D:5)
  An ufetubus (D:5)
  3 worms (D:2)
  4 dart slugs
  18 orcs
  10 bats
  6 endoplasms
  3 giant cockroaches
  6 goblins
  4 hobgoblins
  7 quokkas
  19 ball pythons
  12 frilled lizards
  2 goblin zombies (Ossuary)
  2 hobgoblin zombies (Ossuary)
  2 jackal zombies (Ossuary)
  12 kobolds
  2 orc skeletons (D:5)
  2 orc zombies
  34 rats
  4 rat zombies (Ossuary)
236 creatures vanquished.

Vanquished Creatures (collateral kills)
  Amaemon (D:8)
  An orange demon (D:8)
2 creatures vanquished.

Vanquished Creatures (others)
  3 demonic plants (D:1)
  A fungus (D:1)
  4 plants (D:7)
8 creatures vanquished.

Grand Total: 246 creatures vanquished

Notes
Turn   | Place    | Note
-------+----------+-------------------------------------------
     0 | D:1      | porpoise the Gnoll Hexslinger began the quest for the Orb.
     0 | D:1      | Reached XP level 1. HP: 17/17 MP: 4/4
   135 | D:1      | Reached XP level 2. HP: 19/23 MP: 5/5
   304 | D:1      | Found a faded altar of an unknown god.
   551 | D:1      | Reached XP level 3. HP: 28/28 MP: 7/7
   555 | D:1      | Learned a level 3 spell: Portal Projectile
   880 | D:2      | Reached skill level 1 in Invocations
   990 | D:2      | Noticed Natasha
   998 | D:2      | Killed Natasha
   999 | D:2      | Reached skill level 1 in Short Blades
   999 | D:2      | Reached skill level 1 in Long Blades
   999 | D:2      | Reached skill level 1 in Axes
   999 | D:2      | Reached skill level 1 in Maces & Flails
   999 | D:2      | Reached skill level 1 in Polearms
   999 | D:2      | Reached skill level 1 in Staves
   999 | D:2      | Reached skill level 1 in Throwing
   999 | D:2      | Reached skill level 1 in Armour
   999 | D:2      | Reached skill level 1 in Stealth
   999 | D:2      | Reached skill level 1 in Shields
   999 | D:2      | Reached skill level 1 in Unarmed Combat
   999 | D:2      | Reached skill level 1 in Evocations
   999 | D:2      | Reached XP level 4. HP: 22/34 MP: 8/8
  1218 | D:2      | Noticed Natasha
  1229 | D:2      | Killed Natasha
  1230 | D:2      | Reached skill level 1 in Conjurations
  1230 | D:2      | Reached skill level 1 in Summonings
  1230 | D:2      | Reached skill level 1 in Necromancy
  1230 | D:2      | Reached skill level 1 in Translocations
  1230 | D:2      | Reached skill level 1 in Transmutations
  1230 | D:2      | Reached skill level 1 in Fire Magic
  1230 | D:2      | Reached skill level 1 in Ice Magic
  1230 | D:2      | Reached skill level 1 in Air Magic
  1230 | D:2      | Reached skill level 1 in Earth Magic
  1230 | D:2      | Reached skill level 1 in Poison Magic
  1332 | D:2      | Noticed Sigmund
  1387 | D:2      | Found Imorag's Antique Armour Emporium.
  1629 | D:2      | Noticed Natasha
  1684 | D:2      | Learned a level 3 spell: Confusing Touch
  1713 | D:2      | Reached XP level 5. HP: 14/40 MP: 6/9
  1975 | D:2      | Killed Natasha
  2503 | D:3      | Noticed Terence
  2519 | D:3      | Killed Terence
  3315 | D:4      | Reached XP level 6. HP: 36/47 MP: 11/11
  3630 | D:5      | Entered Level 5 of the Dungeon
  3682 | D:5      | Reached skill level 5 in Ranged Weapons
  3682 | D:5      | Reached skill level 5 in Dodging
  3769 | D:5      | Found a sand-covered staircase.
  3791 | Ossuary  | Entered an ossuary
  4249 | D:5      | Reached XP level 7. HP: 19/52 MP: 12/12
  4790 | D:5      | Found a hide-covered altar of Uskayaw.
  4871 | D:5      | Found a radiant altar of Vehumet.
  5666 | D:6      | Identified a scroll of acquirement
  5666 | D:6      | Acquired Roeder's More Incantation
  5671 | D:6      | Learned a level 2 spell: Blink
  5751 | D:6      | Found a staircase to the Ecumenical Temple.
  5761 | Temple   | Entered the Ecumenical Temple
  5803 | Temple   | Became a worshipper of Fedhas Madash
  5902 | D:6      | Found a glowing drain.
  5906 | Sewer    | Entered a sewer
  6182 | Sewer    | Reached XP level 8. HP: 60/60 MP: 14/14
  6203 | Sewer    | Reached * piety under Fedhas
  6966 | D:6      | Reached ** piety under Fedhas
  7150 | D:6      | Found a basalt altar of Yredelemnul.
  7151 | D:6      | Found an ornate altar of the Wu Jian Council.
  7492 | D:6      | Found a glowing golden altar of the Shining One.
  7658 | D:6      | Found an opulent altar of Gozag.
  7658 | D:6      | Found an iron altar of Okawaru.
  7658 | D:6      | Found a broken altar of Ashenzari.
  7658 | D:6      | Found a burning altar of Makhleb.
  8174 | D:7      | Reached XP level 9. HP: 66/66 MP: 16/16
  8384 | D:7      | Reached skill level 5 in Spellcasting
  8640 | D:7      | Reached skill level 5 in Fighting
  9128 | D:7      | Reached *** piety under Fedhas
  9503 | D:7      | Reached skill level 5 in Invocations
  9788 | D:7      | Noticed a komodo dragon
  9810 | D:7      | Killed a komodo dragon
 10019 | D:8      | Noticed an orange demon
 10020 | D:8      | Noticed Amaemon
 10036 | D:8      | Killed an orange demon
 10045 | D:8      | Killed Amaemon
 10046 | D:8      | Reached skill level 5 in Short Blades
 10046 | D:8      | Reached skill level 5 in Long Blades
 10046 | D:8      | Reached skill level 5 in Axes
 10046 | D:8      | Reached skill level 5 in Maces & Flails
 10046 | D:8      | Reached skill level 5 in Polearms
 10046 | D:8      | Reached skill level 5 in Staves
 10046 | D:8      | Reached skill level 5 in Throwing
 10046 | D:8      | Reached skill level 5 in Armour
 10046 | D:8      | Reached skill level 5 in Stealth
 10046 | D:8      | Reached skill level 5 in Shields
 10046 | D:8      | Reached skill level 5 in Unarmed Combat
 10046 | D:8      | Reached skill level 5 in Evocations
 10046 | D:8      | Reached XP level 10. HP: 28/76 MP: 17/19
 10208 | D:8      | Learned a level 3 spell: Vhi's Electric Charge
 10431 | D:8      | Noticed Joseph
 10449 | D:8      | Killed Joseph
 11219 | D:8      | Mangled by a yak

Illustrated notes

Levels and vault maps discovered:
D:1:      ebering_trefoil_twist, layout_loops_ring,
          shapermc_ecumenical_altar_gd, skrybe_limestone_x, moated_statue
D:2:      layout_loops_ring, serial_shops, nicolae_shop_window_shopping,
          uniq_natasha, uniq_sigmund
D:3:      layout_basic, small_statue_intersection, uniq_terence
D:4:      layout_rooms, nicolae_hexahallways
D:5:      layout_rooms, nicolae_vehumet_altar_sigil,
          mainiacjoe_overflow_surrounded_room, nicolae_ossuary_entry_catacombs,
          minmay_crystal_water, amcnicky_mini_pool_small, grunt_ministairs_9
D:6:      layout_loops_cross, grunt_temple_overflow_cloverleaf,
          lemuel_round_altar, chequers_temple_overflow_statue_of_worship,
          minmay_temple_entry_offerings, gup_sewer_entry_spiral,
          roderic_lattice_a
D:7:      layout_layer_cave, st_stairs_8, minmay_lizard_king
D:8:      layout_gridville, erik_lair_dragon, enter_bailey_2,
          due_unseen_surprise, uniq_pikel, uniq_amaemon, uniq_joseph
Temple:   dshaligram_water_room_temple

Skill      XL: |  1  2  3  4  5  6  7  8  9 10 |
---------------+-------------------------------+-----
Invocations    | 1 2 3 4 5 6 |  6.0
Short Blades   | 1 2 3 5 |  5.4
Long Blades    | 1 2 3 5 |  5.4
Axes           | 1 2 3 5 |  5.4
Maces & Flails | 1 2 3 5 |  5.4
Polearms       | 1 2 3 5 |  5.4
Staves         | 1 2 3 5 |  5.4
Throwing       | 1 2 3 5 |  5.4
Armour         | 1 2 3 5 |  5.4
Stealth        | 1 2 3 5 |  5.4
Shields        | 1 2 3 5 |  5.4
Unarmed Combat | 1 2 3 5 |  5.4
Spellcasting   | 3 4 6 |  6.2
Evocations     | 1 2 3 5 |  5.4
Conjurations   | 1 2 3 4 |  4.5
Summonings     | 1 2 3 4 |  4.5
Necromancy     | 1 2 3 4 |  4.5
Translocations | 1 2 3 4 |  4.5
Transmutations | 1 2 3 4 |  4.5
Fire Magic     | 1 2 3 4 |  4.5
Ice Magic      | 1 2 3 4 |  4.5
Air Magic      | 1 2 3 4 |  4.5
Earth Magic    | 1 2 3 4 |  4.5
Poison Magic   | 1 2 3 4 |  4.5
Fighting       | 3 4 5 6 |  6.1
Ranged Weapons | 5 6 7 |  7.2
Dodging        | 5 6 7 |  7.2
Hexes          | 6 7 |  7.2

Action                     |  1- 3 |  4- 6 |  7- 9 | 10-12 || total
---------------------------+-------+-------+-------+-------++-------
  Melee: Dagger            |    15 |    99 |   360 |    77 ||   551
         Sling             |       |     4 |       |       ||     4
         Bite              |       |    13 |    47 |    13 ||    73
         Punch             |       |     2 |    11 |     6 ||    19
   Fire: Sling             |    87 |   222 |   190 |    14 ||   513
  Throw: Dart              |       |       |       |     2 ||     2
   Cast: Slow              |     1 |     4 |       |       ||     5
         Confusing Touch   |       |     4 |    29 |    10 ||    43
    Use: Scroll            |     3 |     7 |    19 |       ||    29
         Potion            |       |     4 |    10 |       ||    14
   Stab: Confused          |       |     2 |    16 |    10 ||    28
         Sleeping          |       |       |     4 |       ||     4
         Invisible         |       |       |     1 |       ||     1
 Armour: Robe              |     5 |    30 |    31 |     4 ||    70
  Dodge: Dodged            |    24 |   163 |   343 |    28 ||   558

Table legend: (Time is in decaauts)
 A = Elapsed time spent in this place.
 B = Non-inter-level travel time spent in this place.
 C = Inter-level travel time spent in this place.
 D = Time resting spent in this place.
 E = Time spent auto-exploring this place.
 F = Levels seen in this place.
 G = Mean time per level.
                   A        B        C        D        E       F      G
               +--------+--------+--------+--------+--------+-----+--------+
         Total |  11315 |  11081 |    234 |   3713 |   4896 |  11 | 1028.6 |
       Dungeon |   9834 |   9609 |    225 |   3059 |   4840 |   8 | 1229.2 |
        Temple |     51 |     42 |      9 |      0 |     10 |   1 |   51.0 |
         Sewer |   1031 |   1031 |      0 |    515 |     45 |   1 | 1031.0 |
       Ossuary |    398 |    398 |      0 |    139 |      0 |   1 |  398.0 |
               +--------+--------+--------+--------+--------+-----+--------+

Top non-repeatable levels by time:
     D:7: 1829 daAuts
     D:5: 1726 daAuts
     D:6: 1427 daAuts
     D:2: 1287 daAuts
     D:8: 1173 daAuts
   Sewer: 1031 daAuts
     D:3: 941 daAuts
     D:1: 869 daAuts
     D:4: 579 daAuts
 Ossuary: 398 daAuts
  Temple: 51 daAuts
